 Dungeon Crawl Stone Soup version 0.30-a0-457-g4b7bca3bfa (console) character file.

Game seed: 11789936360376528658

70 Ignak the Ogre Mage (level 4, 0/42 HPs)
             Began as an Ogre Hedge Wizard on Dec 13, 2022.
             Killed from afar by Natasha (8 damage)
             ... with a magic dart
             ... on level 2 of the Dungeon.
             The game lasted 00:04:29 (1839 turns).

Ignak the Ogre Mage (Ogre Hedge Wizard)             Turns: 1839, Time: 00:04:30

Health: 0/42       AC:  3    Str: 16    XL:     4   Next: 22%
Magic:  1/9        EV:  9    Int: 15    God:
Gold:   79         SH:  0    Dex:  8    Spells: 5/10 levels left

rFire   . . .      SeeInvis .    m - +0 club
rCold   . . .      Faith    .    (no shield)
rNeg    . . .      Spirit   .    b - +0 robe
rPois   .          Reflect  .    c - +0 hat
rElec   .          Harm     .    (no cloak)
rCorr   .          Rampage  .    (gloves unavailable)
Will    .....                    (boots unavailable)
Stlth   +.........               (no amulet)
HPRegen 0.27/turn                (no ring)
MPRegen 0.11/turn                (no ring)

@: on blink cooldown
A: large, unfitting armour, tough skin 1
a: no special abilities


You were on level 2 of the Dungeon.
You visited 1 branch of the dungeon, and saw 2 of its levels.

You collected 79 gold pieces.

Inventory:

Hand Weapons
 m - a +0 club (weapon)
Missiles
 j - 5 stones (quivered)
Armour
 b - a +0 robe (worn)
 c - a +0 hat (worn)
Scrolls
 e - a scroll of torment {unknown}
 g - a scroll of summoning {unknown}
 h - 2 scrolls of teleportation {unknown}
 k - 2 scrolls of identify {unknown}
 n - a scroll of poison {unknown}
Potions
 a - a potion of haste {unknown}
 d - a potion of magic
 f - 3 potions of berserk rage {unknown}
 i - a potion of resistance {unknown}
 l - a potion of attraction {unknown}


   Skills:
 * Level 2.1 Fighting
 + Level 0.5 Throwing
 + Level 0.4 Armour
 + Level 2.0 Dodging
 - Level 1.4 Stealth
 + Level 3.9 Spellcasting
 + Level 1.4 Conjurations
 + Level 1.3 Summonings
 + Level 1.5 Translocations


You had 5 spell levels left.
You knew the following spells:

 Your Spells              Type           Power      Damage    Failure   Level
a - Magic Dart            Conj           28%        1d4       10%         1
b - Blink                 Tloc           14%        N/A       16%         2
e - Call Imp              Summ           6%         N/A       16%         2

Your spell library contained the following spells:

 Spells                   Type           Power      Damage    Failure   Level
 Slow                     Hex            8%         N/A       19%         1
 Cigotuvi's Dreadful Rot  Necr/Pois/Air  4%         N/A       28%         2
 Mephitic Cloud           Conj/Pois/Air  4%         N/A       41%         3


Dungeon Overview and Level Annotations

Branches:
Dungeon (2/15)

Altars:

Annotations:
D:2 Natasha


Innate Abilities, Weirdness & Mutations

You are too large for most types of armour.
You have tough skin. (AC +1)


Message History

Natasha claws you but does no damage.
You aren't carrying any items that you can evoke.
Casting: Blink (safe; 16% risk of failure)
Confirm with . or Enter, or press ? or * to list all spells.
A shadowy apparition takes form in the air.
Your magical contamination has completely faded away.
Natasha attacks as you move away! Natasha closely misses you.
You feel stable enough to blink again.
Natasha mumbles some strange words.
You swap places.
Natasha mumbles some strange words.
The crimson imp blinks!
Your shadow imp hits the shadow imp.
The shadow imp hits your shadow imp.
Casting: Call Imp (safe; 16% risk of failure)
Confirm with . or Enter, or press ? or * to list all spells.
You don't know that spell.
You hit the crimson imp but do no damage.
The crimson imp barely misses you.
Your shadow imp misses the shadow imp.
The shadow imp barely misses your shadow imp.
Press: ? - help, v - describe, . - travel
Here: Natasha (severely wounded)
The floor.
Okay, then.
Casting: Call Imp (safe; 16% risk of failure)
Confirm with . or Enter, or press ? or * to list all spells.
You blink.
The crimson imp closely misses you.
Your shadow imp barely misses the shadow imp.
The shadow imp barely misses your shadow imp.
You closely miss Natasha.
Natasha is severely wounded.
The crimson imp disappears in a puff of smoke!
Natasha closely misses you. The crimson imp hits you.
* * * LOW HITPOINT WARNING * * *
The shadow imp hits your shadow imp.
Your shadow imp closely misses the shadow imp.
You hit Natasha.
Natasha is almost dead.
Natasha casts a spell at you. The magic dart hits you!
You die...

#..........#.#### #.#
#.########.#. ..###.#
##+#############§#...#
..........#....#.#.#.#
....#####.#.##5#5#.#.#
....#####.#.##.#5#.#.#
...<......#.##.#.#.#.#
######....#.##.h5#.#.#
#....#.####@#.#.#
#..<.#.######.#.##
#....#.#.........# #
#....#.#.###.##..# ##
#....'...# #.##..# .###
#....#...###'##..# ...#
#....#...#...÷...# ##.#
#######.##....#.#######
#.##
#.....##....#.##....#


You could see Natasha, a crimson imp (summoned), a shadow imp (summoned,
distracted, ally target) and a friendly shadow imp (summoned).

Vanquished Creatures
  5 ball pythons
  2 bats (D:1)
  4 endoplasms
  3 goblins (D:1)
  2 hobgoblins
  4 jackals (D:1)
  2 kobolds (D:1)
  A quokka (D:1)
  A frilled lizard (D:1)
  5 rats
29 creatures vanquished.

Vanquished Creatures (collateral kills)
  Natasha (D:2)
  An adder (D:2)
  2 endoplasms (D:1)
4 creatures vanquished.

Grand Total: 33 creatures vanquished

Notes
Turn   | Place    | Note
-------+----------+-------------------------------------------
     0 | D:1      | Ignak the Ogre Hedge Wizard began the quest for the Orb.
     0 | D:1      | Reached XP level 1. HP: 16/16 MP: 5/5
    86 | D:1      | Reached skill level 1 in Translocations
    88 | D:1      | Reached skill level 1 in Conjurations
    88 | D:1      | Reached skill level 1 in Summonings
   160 | D:1      | Reached XP level 2. HP: 20/26 MP: 6/6
   199 | D:1      | Reached skill level 1 in Fighting
   381 | D:1      | Learned a level 2 spell: Blink
   384 | D:1      | Learned a level 2 spell: Call Imp
   647 | D:1      | Reached XP level 3. HP: 33/33 MP: 8/8
  1603 | D:2      | Noticed Natasha
  1613 | D:2      | Killed Natasha
  1614 | D:2      | Reached XP level 4. HP: 2/42 MP: 4/9
  1802 | D:2      | Noticed Natasha
  1839 | D:2      | Killed from afar by Natasha

Illustrated notes

Levels and vault maps discovered:
D:1:      evilmike_arrival_hilbert_curve, layout_basic
D:2:      layout_basic, uniq_natasha

Skill      XL: |  1  2  3 |
---------------+----------+-----
Translocations | 1 |  1.5
Conjurations   | 1 |  1.4
Summonings     | 1 |  1.3
Fighting       | 1 2 |  2.1
Dodging        | 2 |  2.0
Throwing       | |  0.5
Armour         | |  0.4
Stealth        | |  1.4
Spellcasting   | |  3.9

Action                   |  1- 3 |  4- 6 || total
-------------------------+-------+-------++-------
Melee: Short sword       |    79 |       ||    79
       Dagger            |     6 |       ||     6
       Club              |    47 |    10 ||    57
       Punch             |     1 |       ||     1
Throw: Stone             |     5 |       ||     5
 Cast: Magic Dart        |    14 |       ||    14
       Call Imp          |     4 |     3 ||     7
       Blink             |       |     2 ||     2
Armor: Robe              |    46 |     3 ||    49
Dodge: Dodged            |    62 |    10 ||    72

Table legend: (Time is in decaauts)
 A = Elapsed time spent in this place.
 B = Non-inter-level travel time spent in this place.
 C = Inter-level travel time spent in this place.
 D = Time resting spent in this place.
 E = Time spent auto-exploring this place.
 F = Levels seen in this place.
 G = Mean time per level.
                   A        B        C        D        E       F      G
               +--------+--------+--------+--------+--------+-----+--------+
         Total |   1855 |   1822 |     33 |    223 |   1098 |   2 |  927.5 |
       Dungeon |   1855 |   1822 |     33 |    223 |   1098 |   2 |  927.5 |
               +--------+--------+--------+--------+--------+-----+--------+

Top non-repeatable levels by time:
     D:1: 1205 daAuts
     D:2: 650 daAuts
